 Dungeon Sprint DCSS version 0.20-a0-1122-gb7cbeb9 (webtiles) character file.

12100000 Denreik the Ninja (level 27, -5/249 HPs)
             Began as a Formicid Fighter on May 14, 2017.
             Was the Champion of Makhleb.
             Killed by divine providence
             ... invoked by an accursed
              (14 damage)
             ... in the Dungeon (Sprint VIII: "Arena of Blood").
             The game lasted 00:13:10 (121 turns).

Denreik the Ninja (Formicid Fighter)                 Turns: 121, Time: 00:13:11

Health: -5/249     AC: 13    Str: 26    XL:     27
Magic:  45/54      EV: 28    Int: 12    God:    Makhleb [******]
Gold:   0          SH: 19    Dex: 14    Spells: 80/80 levels left

rFire    . . .     SeeInvis +   l - +∞ Axe of Woe
rCold    . . .     Gourm    .   c - +0 shield
rNeg     . . .     Faith    .   b - +0 scale mail
rPois    .         Spirit   .   (helmet unavailable)
rElec    .         Reflect  .   (no cloak)
rCorr    .         Harm     .   (no gloves)
MR       ++...                  (no boots)
Stlth    ++++++++..             (no amulet)
Regen    0.6/turn               q - +200 ring of slaying
MPRegen  0.4/turn               r - +250 ring of slaying

@: lethally poisoned (-5 -> -52), marked
A: permanent stasis, dig shafts and tunnels, four strong arms, antennae 3
a: Dig, Minor Destruction, Lesser Servant of Makhleb, Major Destruction, Greater
Servant of Makhleb, Renounce Religion


You were in the Dungeon.
You worshipped Makhleb.
Makhleb was exalted by your worship.
You were not hungry.

You visited 1 branch

Inventory:

Hand Weapons
 a - a +0 quarterstaff
 l - the +∞ Axe of Woe (weapon)
   (You found it in the Dungeon)
 m - a +9 great sword of slicing
 n - a +9 war axe
 o - a +9 war axe
 p - a +9 war axe
Armour
 b - a +0 scale mail (worn)
 c - a +0 shield (worn)
Jewellery
 q - a +200 ring of slaying (left hand)
 r - a +250 ring of slaying (right hand)
Scrolls
 k - a scroll of blinking
Potions
 d - a potion of might
 e - a potion of curing
 g - a potion of heal wounds
 h - a potion of haste
 i - 2 potions of magic
 j - a potion of berserk rage
Comestibles
 f - a bread ration


   Skills:
 O Level 27 Fighting
 O Level 27 Long Blades
 O Level 27 Axes
 O Level 27 Staves
 O Level 27 Throwing
 O Level 27 Armour
 O Level 27 Dodging
 O Level 27 Stealth
 O Level 27 Shields
 O Level 27 Unarmed Combat
 O Level 27 Spellcasting
 O Level 27 Invocations


You had 80 spell levels left.
You didn't know any spells.

Dungeon Overview and Level Annotations

Branches:
Dungeon (1/1)

Altars:
Makhleb

Annotations:
D The Defiler


Innate Abilities, Weirdness & Mutations

You cannot be hasted, slowed, berserked, paralysed or teleported.
You can dig through walls and to a lower floor.
Your four strong arms can wield two-handed weapons with a shield.
You have a pair of large antennae on your head. (SInv)


Message History

The accursed casts a spell at you. Something smites you!
* * * LOW HITPOINT WARNING * * *
The accursed gestures at you while chanting.
Something smites you!
* * * LOW HITPOINT WARNING * * *
You hit the bag of meat.
You butcher the bag of meat messily.
You kill the bag of meat!
Makhleb accepts your kill.
You feel better.
You are engulfed in blazing flames.
* * * LOW HITPOINT WARNING * * *
You feel sick. The Defiler breathes poison at you.
The blast of poison engulfs you!
You are lethally poisoned!
* * * LOW HITPOINT WARNING * * *
The accursed is engulfed in blazing flames.
The accursed casts a spell at you. Something smites you!
You die... ........... ........... {{.§ox...o { #.{xooSD# o .. #.{o{MMM# {{o.
XLo###o{{{ooo###oM. ....oOox###@§oooGoM #..XGGGoz§§§§oooWSS

.X..xo#xoo§@#{{{{{
...X{{#XXM§S#{{{{{
...X.{#XXo)o#{{{{{
#...XoLooM.So{{{{{
...XoXzO###.M{{{{{
...###Vo{{...###{.
.. #o%{ ...# {.
#S......#
......§..


You could see 8 accurseds, 2 tentacled monstrosities, a tyrant, an eight-headed
meat hydra, a destroyer, 4 observers, 5 scourges, 2 sculptors of flesh, 2 large
bags of meat, 4 large abominations, The Defiler, a wretched soul (invisible), 2
small abominations, 30 bags of meat and a crawling corpse.

Vanquished Creatures
  Sigmund (D)
  14 hell beasts (D)
  6 greater mummies (D)
  4 great orbs of eyes (D)
  7 wraiths (D)
  21 vampire knights (D)
  56 ogres (D)
  8 two-headed ogres (D)
  6 liches (D)
  A hydra (D)
  74 orcs (D)
  11 phantoms (D)
  2 skeletal warriors (D)
  2 sea snakes (D)
  11 large abominations (D)
  7 small abominations (D)
  15 crawling corpses (D)
246 creatures vanquished.

Vanquished Creatures (others)
  3 orcs (D)
  4 crawling corpses (D)
7 creatures vanquished.

Grand Total: 253 creatures vanquished

Notes
Turn   | Place    | Note
-------+----------+-------------------------------------------
     0 | D        | Denreik the Formicid Fighter began the quest for the Orb.
     0 | D        | Reached XP level 1. HP: 18/18 MP: 1/1
     3 | D        | Noticed a meat berserker
     4 | D        | Noticed a bag of meat
     4 | D        | Became a worshipper of Makhleb the Destroyer
     5 | D        | Noticed a bag of meat
     5 | D        | Noticed a bag of meat
     5 | D        | Noticed a bag of meat
     7 | D        | Killed a meat berserker
     7 | D        | Reached skill level 27 in Stealth
     7 | D        | Reached XP level 2. HP: 57/57 MP: 2/2
     7 | D        | Reached XP level 3. HP: 64/64 MP: 3/3
     7 | D        | Reached XP level 4. HP: 71/71 MP: 4/4
     7 | D        | Reached XP level 5. HP: 78/78 MP: 5/5
     7 | D        | Reached XP level 6. HP: 86/86 MP: 6/6
     7 | D        | Reached XP level 7. HP: 92/92 MP: 7/7
     7 | D        | Reached XP level 8. HP: 100/100 MP: 8/8
     7 | D        | Reached XP level 9. HP: 107/107 MP: 9/9
     7 | D        | Reached XP level 10. HP: 114/114 MP: 10/10
     7 | D        | Reached XP level 11. HP: 121/121 MP: 11/11
     7 | D        | Reached XP level 12. HP: 129/129 MP: 12/12
     7 | D        | Reached XP level 13. HP: 135/135 MP: 13/13
     8 | D        | Noticed a bag of meat
     8 | D        | Killed a bag of meat
     8 | D        | Reached * piety under Makhleb
     8 | D        | Reached XP level 14. HP: 143/143 MP: 14/14
     8 | D        | Killed a bag of meat
     8 | D        | Reached XP level 15. HP: 150/150 MP: 15/15
    10 | D        | Reached skill level 27 in Shields
    10 | D        | Reached ** piety under Makhleb
    10 | D        | Reached XP level 16. HP: 157/157 MP: 16/16
    12 | D        | Noticed a meat berserker
    12 | D        | Noticed a meat berserker
    13 | D        | Noticed a meat berserker
    14 | D        | Killed a meat berserker
    14 | D        | Reached *** piety under Makhleb
    14 | D        | Reached skill level 27 in Armour
    14 | D        | Reached XP level 17. HP: 164/164 MP: 17/17
    15 | D        | Killed a meat berserker
    15 | D        | Reached XP level 18. HP: 172/172 MP: 18/18
    16 | D        | Killed a meat berserker
    16 | D        | Reached **** piety under Makhleb
    16 | D        | Reached skill level 27 in Dodging
    16 | D        | Reached XP level 19. HP: 182/182 MP: 19/19
    16 | D        | Reached skill level 27 in Fighting
    17 | D        | Reached XP level 20. HP: 197/197 MP: 20/20
    17 | D        | Reached ***** piety under Makhleb
    19 | D        | Noticed a destroyer
    19 | D        | Reached skill level 27 in Axes
    19 | D        | Killed a destroyer
    19 | D        | Reached skill level 27 in Invocations
    19 | D        | Reached XP level 21. HP: 204/204 MP: 20/38
    23 | D        | Noticed a meat berserker
    23 | D        | Reached skill level 10 in Unarmed Combat
    23 | D        | Reached skill level 10 in Spellcasting
    25 | D        | Reached skill level 15 in Throwing
    25 | D        | Reached skill level 15 in Unarmed Combat
    25 | D        | Reached skill level 15 in Spellcasting
    25 | D        | Reached XP level 22. HP: 212/212 MP: 21/41
    26 | D        | Noticed a meat berserker
    26 | D        | Noticed a destroyer
    28 | D        | Killed a meat berserker
    28 | D        | Reached ****** piety under Makhleb
    28 | D        | Killed a destroyer
    28 | D        | Reached XP level 23. HP: 219/219 MP: 21/49
    31 | D        | Reached skill level 27 in Throwing
    31 | D        | Reached skill level 27 in Unarmed Combat
    31 | D        | Reached skill level 27 in Spellcasting
    31 | D        | Reached skill level 5 in Staves
    31 | D        | Reached XP level 24. HP: 227/227 MP: 22/54
    33 | D        | Reached skill level 27 in Long Blades
    33 | D        | Reached XP level 25. HP: 234/234 MP: 23/54
    35 | D        | Noticed a destroyer
    36 | D        | Reached skill level 27 in Staves
    39 | D        | Reached XP level 26. HP: 242/242 MP: 24/54
    40 | D        | Noticed a large bag of meat
    42 | D        | Noticed a destroyer
    42 | D        | Noticed a destroyer
    43 | D        | Killed a destroyer
    44 | D        | Noticed a destroyer
    44 | D        | Noticed an accursed
    46 | D        | Reached XP level 27. HP: 249/249 MP: 26/54
    46 | D        | Killed a large bag of meat
    48 | D        | Noticed a destroyer
    48 | D        | Killed a destroyer
    51 | D        | Killed a destroyer
    54 | D        | Noticed a tyrant
    54 | D        | Killed an accursed
    56 | D        | Noticed a tyrant
    56 | D        | Noticed a destroyer
    57 | D        | Noticed a tyrant
    57 | D        | Noticed an accursed
    58 | D        | Killed a destroyer
    60 | D        | Noticed a dread
    60 | D        | Killed a destroyer
    61 | D        | Noticed an accursed
    62 | D        | Noticed a dread
    63 | D        | Noticed a dread
    63 | D        | Killed a destroyer
    64 | D        | Noticed a destroyer
    64 | D        | Noticed a destroyer
    65 | D        | Killed a dread
    65 | D        | Noticed a tyrant
    66 | D        | Noticed an accursed
    66 | D        | Noticed a large bag of meat
    67 | D        | Noticed a destroyer
    67 | D        | Noticed The Captor
    67 | D        | Killed a destroyer
    68 | D        | Killed a destroyer
    69 | D        | Noticed a dread
    69 | D        | Killed a tyrant
    69 | D        | Killed a dread
    69 | D        | Noticed a tyrant
    71 | D        | Killed a tyrant
    72 | D        | Killed a destroyer
    72 | D        | Killed a dread
    73 | D        | Killed a large bag of meat
    73 | D        | Killed an accursed
    74 | D        | Noticed a meat beast
    74 | D        | Killed a tyrant
    74 | D        | Killed an accursed
    75 | D        | Noticed a meat beast
    75 | D        | Noticed a meat beast
    76 | D        | Noticed a destroyer
    76 | D        | Killed The Captor
    76 | D        | Killed a tyrant
    76 | D        | Killed an accursed
    77 | D        | Noticed an accursed
    77 | D        | Noticed a meat beast
    77 | D        | Noticed a dread
    77 | D        | Killed a meat beast
    78 | D        | Noticed an accursed
    78 | D        | Killed a tyrant
    80 | D        | Noticed a meat beast
    80 | D        | Noticed a tyrant
    80 | D        | Killed a meat beast
    81 | D        | Noticed a meat beast
    81 | D        | Noticed a meat beast
    81 | D        | Noticed a destroyer
    82 | D        | Killed a meat beast
    83 | D        | Noticed a meat beast
    83 | D        | Noticed a dread
    83 | D        | Noticed a meat beast
    83 | D        | Killed a meat beast
    83 | D        | Killed a dread
    83 | D        | Killed a meat beast
    84 | D        | Noticed a large bag of meat
    84 | D        | Noticed a meat beast
    84 | D        | Killed a meat beast
    84 | D        | Killed a destroyer
    84 | D        | Killed a meat beast
    85 | D        | Killed a meat beast
    85 | D        | Killed a meat beast
    86 | D        | Noticed a large bag of meat
    86 | D        | Killed a dread
    87 | D        | Noticed a destroyer
    87 | D        | Killed a dread
    87 | D        | Killed a meat beast
    87 | D        | Killed an accursed
    88 | D        | Noticed a meat beast
    88 | D        | Noticed a meat beast
    88 | D        | Killed a meat beast
    89 | D        | Killed an accursed
    90 | D        | Noticed a large bag of meat
    90 | D        | Noticed a meat beast
    90 | D        | Noticed a destroyer
    91 | D        | Noticed a meat beast
    92 | D        | Noticed a large bag of meat
    93 | D        | Killed a tyrant
    94 | D        | Noticed a destroyer
    94 | D        | Killed a meat beast
    95 | D        | Noticed a destroyer
    95 | D        | Killed a meat beast
    96 | D        | Noticed a large bag of meat
    96 | D        | Noticed a destroyer
    96 | D        | Noticed a large bag of meat
    97 | D        | Noticed a dread
    97 | D        | Noticed an accursed
    97 | D        | Killed a large bag of meat
    97 | D        | Killed a destroyer
    98 | D        | Noticed an accursed
    98 | D        | Killed a meat beast
    98 | D        | Killed a destroyer
   100 | D        | Noticed an accursed
   100 | D        | Killed a destroyer
   101 | D        | Killed a destroyer
   101 | D        | Killed a large bag of meat
   101 | D        | Killed a destroyer
   102 | D        | Killed a large bag of meat
   103 | D        | Noticed an accursed
   104 | D        | Noticed an accursed
   104 | D        | Noticed The Defiler
   105 | D        | Noticed an accursed
   105 | D        | Killed a dread
   106 | D        | Killed a large bag of meat
   107 | D        | Noticed a destroyer
   107 | D        | Noticed a tyrant
   107 | D        | Killed a destroyer
   109 | D        | Noticed an accursed
   111 | D        | Noticed a destroyer
   111 | D        | Killed a large bag of meat
   114 | D        | Noticed an accursed
   114 | D        | Noticed a large bag of meat
   115 | D        | Killed a destroyer
   117 | D        | Noticed a large bag of meat
   117 | D        | Noticed a destroyer
   118 | D        | Noticed a destroyer
   118 | D        | Killed a destroyer
   119 | D        | Killed a large bag of meat
   120 | D        | Killed a destroyer
   121 | D        | HP: 9/249 [The Defiler/blast of poison (31)]
   121 | D        | Killed from afar by an accursed

Vault maps used:
D:        meatsprint

Skill      XL: |  1  2  3  4  5  6  7  8  9 10 11 12 13 14 15 16 17 18 19 20 21 22 23 24 25 |
---------------+----------------------------------------------------------------------------+-----
Stealth        | 27 | 27.0
Fighting       | 23 24 27 | 27.0
Axes           | 7 11 22 27 | 27.0
Shields        | 18 23 27 | 27.0
Armour         | 16 27 | 27.0
Dodging        | 14 21 27 | 27.0
Invocations    | 27 | 27.0
Throwing       | 6 15 23 27 | 27.0
Unarmed Combat | 6 15 22 27 | 27.0
Spellcasting   | 6 15 22 27 | 27.0
Long Blades    | 8 27 | 27.0
Staves         | 5 17 27 | 27.0

Action                   |  1- 3 |  4- 6 |  7- 9 | 10-12 | 13-15 | 16-18 | 19-21 | 22-24 | 25-27 || total
-------------------------+-------+-------+-------+-------+-------+-------+-------+-------+-------++-------
Melee: Executioner's axe |     1 |       |       |       |     2 |     5 |     5 |     5 |    72 ||    90
Invok: Greater Servant o |       |       |       |       |       |       |       |       |     3 ||     3
       Major Destruction |       |       |       |       |       |       |       |       |     1 ||     1
Armor: Scale mail        |       |       |       |       |       |       |       |       |     1 ||     1
Dodge: Dodged            |       |       |       |       |       |     1 |       |     1 |     7 ||     9
Block: Shield            |       |       |       |       |     1 |     1 |     2 |     2 |    11 ||    17
